 Dungeon Crawl Stone Soup version 0.30-a0-883-g5ad918d77d (webtiles) character file.

Game seed: 6289616417616378120

85 pokedragonboy the Grasshopper (level 4, 0/40 HPs)
             Began as a Naga Warper on Mar 16, 2023.
             Slain by a centaur (1 damage)
             ... on level 3 of the Dungeon.
             The game lasted 00:03:18 (1960 turns).

pokedragonboy the Grasshopper (Naga Warper)         Turns: 1960, Time: 00:03:19

Health: 0/40       AC:  5    Str: 13    XL:     4   Next: 48%
Magic:  7/7        EV:  9    Int: 15    God:
Gold:   117        SH:  0    Dex: 11    Spells: 5/7 levels left

rFire   . . .      SeeInvis +    a - +1 spear
rCold   + . .      Faith    .    (no shield)
rNeg    . . .      Spirit   .    b - +0 leather armour
rPois   +          Reflect  .    (no helmet)
rElec   .          Rampage  .    (no cloak)
rCorr   .                        f - +1 pair of gloves
Will    .....                    (no barding)
Stlth   +                        (no amulet)
HPRegen 0.26/turn                g - ring of protection from cold
MPRegen 0.10/turn                (no ring)

@: short of breath, very slow
A: AC +1, large, see invisible, deformed body, poison resistance, slowness 2,
spit poison 1, naga tail 1
a: Spit Poison


You were on level 3 of the Dungeon.
You visited 1 branch of the dungeon, and saw 3 of its levels.

You collected 117 gold pieces.

Inventory:

Hand Weapons
 a - a +1 spear (weapon)
Missiles
 d - 7 boomerangs of dispersal
 q - 5 boomerangs
Armour
 b - a +0 leather armour (worn)
 f - a +1 pair of gloves (worn)
 t - a +0 chain mail
Jewellery
 g - a ring of protection from cold (left hand)
Scrolls
 c - 2 scrolls of blinking
 j - a scroll of poison {unknown}
 k - 2 scrolls of teleportation {unknown}
 m - a scroll of fear {unknown}
 p - a scroll of vulnerability {unknown}
 r - a scroll of immolation {unknown}
Potions
 e - 6 potions of flight
 h - 2 potions of heal wounds
 i - 2 potions of resistance {unknown}
 l - 3 potions of brilliance {unknown}
 n - 3 potions of curing {unknown}
 o - a potion of mutation {unknown}
 s - a potion of degeneration {unknown}


   Skills:
 + Level 2.6 Fighting
 * Level 3.2 Polearms
 - Level 0.8 Throwing
 - Level 1.0 Armour
 + Level 2.1 Dodging
 - Level 2.0 Spellcasting
 + Level 3.4 Translocations


You had 5 spell levels left.
You knew the following spells:

 Your Spells              Type           Power      Damage    Failure   Level
m - Blink                 Tloc           22%        N/A       11%         2

Your spell library contained the following spells:

 Spells                   Type           Power      Damage    Failure   Level
 Lesser Beckoning         Tloc           22%        N/A       11%         2
 Teleport Other           Tloc           11%        N/A       21%         3
 Vhi's Electric Charge    Tloc/Air       12%        N/A       38%         3
 Manifold Assault         Tloc           11%        N/A       56%         4


Dungeon Overview and Level Annotations

Branches:
Dungeon (3/15)

Altars:


Innate Abilities, Weirdness & Mutations

Your serpentine skin is tough. (AC +1)
You have supernaturally acute eyesight. (SInv)
Armour fits poorly on your strangely shaped body.
Your system is resistant to poisons. (rPois)
You cover ground very slowly.
You can spit poison.
You have a snake-like lower body.


Message History

The centaur hits you.
* * * LOW HITPOINT WARNING * * *
The centaur barely misses you. The centaur closely misses you.
The centaur kicks you but does no damage.
A rat comes into view.
You hit the centaur but do no damage.
The centaur is severely wounded.
The centaur hits you but does no damage.
The centaur kicks you but does no damage.
Unknown command.
You barely miss the centaur.
The centaur is severely wounded.
The centaur hits you but does no damage.
The centaur closely misses you. x2
The centaur kicks you but does no damage.
Unknown command.
You barely miss the centaur.
The centaur is severely wounded.
The centaur hits you.
* * * LOW HITPOINT WARNING * * *
The centaur kicks you but does no damage.
Unknown command.
Aiming: Spit Poison (1% risk of failure)
Press: ? - help, Q - select action, (/) - cycle Shift-Dir - straight line, f/p - centaur
Aim: a centaur (severely wounded, 75% to hit)
The splash of poison hits the centaur.
The centaur is poisoned.
The centaur is almost dead.
The centaur hits you but does no damage.
The centaur kicks you.
* * * LOW HITPOINT WARNING * * *
You barely miss the centaur.
The centaur is almost dead.
The centaur hits you.
* * * LOW HITPOINT WARNING * * *
The centaur kicks you.
* * * LOW HITPOINT WARNING * * *
The rat bites you but does no damage.
The centaur hits you but does no damage.
The centaur kicks you.
You die...

#...# #.#.#
#.#.#
.######.#.#
........#.#
.#####..#.#
#.†#.#
#.######r.#.#
#....Jc@....#
#..#####..###
#..# #.<#
#..# #..#
#..# ^..#


You could see a centaur (poisoned), an endoplasm and a rat.

Vanquished Creatures
  Natasha (D:3)
  An adder (D:2)
  A worm (D:2)
  2 dart slugs (D:3)
  An orc (D:3)
  4 ball pythons
  8 bats
  2 endoplasms (D:1)
  8 goblins
  4 hobgoblins
  2 kobolds (D:1)
  A quokka (D:3)
  A frilled lizard (D:2)
  3 rats (D:2)
39 creatures vanquished.

Notes
Turn   | Place    | Note
-------+----------+-------------------------------------------
     0 | D:1      | pokedragonboy the Naga Warper began the quest for the Orb.
     0 | D:1      | Reached XP level 1. HP: 19/19 MP: 3/3
   139 | D:1      | Reached XP level 2. HP: 23/26 MP: 5/5
   143 | D:1      | Learned a level 2 spell: Blink
   177 | D:1      | Reached skill level 1 in Armour
   218 | D:1      | Found a faded altar of an unknown god.
   912 | D:2      | Reached XP level 3. HP: 30/32 MP: 6/6
  1471 | D:3      | Noticed Natasha
  1492 | D:3      | Killed Natasha
  1493 | D:3      | Reached XP level 4. HP: 11/40 MP: 7/7
  1947 | D:3      | Noticed a centaur
  1960 | D:3      | HP: 1/40 [centaur (2)]
  1960 | D:3      | Slain by a centaur

Illustrated notes

Levels and vault maps discovered:
D:1:      dpeg_arrival_leaves_temple_mockup, layout_loops_ring,
          hellmonk_ecumenical_altar_lost_god
D:2:      layout_basic, minmay_misc_feat_nine_boxes
D:3:      layout_loops_ring, goddamned_bats, uniq_natasha

Skill      XL: |  1  2  3 |
---------------+----------+-----
Armour         | 1 |  1.0
Dodging        | 2 |  2.1
Polearms       | 3 |  3.2
Fighting       | |  2.6
Throwing       | |  0.8
Spellcasting   | |  2.0
Translocations | |  3.4

Action                     |  1- 3 |  4- 6 || total
---------------------------+-------+-------++-------
  Melee: Spear             |   117 |    43 ||   160
         Punch             |     1 |       ||     1
Ability: Spit Poison       |     9 |     2 ||    11
    Use: Scroll            |     3 |       ||     3
 Armour: Leather armour    |    35 |    24 ||    59
  Dodge: Dodged            |    33 |    17 ||    50

Table legend: (Time is in decaauts)
 A = Elapsed time spent in this place.
 B = Non-inter-level travel time spent in this place.
 C = Inter-level travel time spent in this place.
 D = Time resting spent in this place.
 E = Time spent auto-exploring this place.
 F = Levels seen in this place.
 G = Mean time per level.
                   A        B        C        D        E       F      G
               +--------+--------+--------+--------+--------+-----+--------+
         Total |   2507 |   2475 |     32 |    212 |   1900 |   3 |  835.7 |
       Dungeon |   2507 |   2475 |     32 |    212 |   1900 |   3 |  835.7 |
               +--------+--------+--------+--------+--------+-----+--------+

Top non-repeatable levels by time:
     D:1: 1084 daAuts
     D:2: 806 daAuts
     D:3: 616 daAuts
